 Dungeon Crawl Stone Soup version 0.26-a0-540-g8a0c9464d7 (webtiles) character file.

Game seed: 13793669098881519069

157 kae the Insei (level 5, 0/42 HPs)
             Began as a Draconian Transmuter on Aug 18, 2020.
             Was an Initiate of Wu Jian.
             Slain by a hippogriff (8 damage)
             ... on level 4 of the Dungeon.
             The game lasted 00:05:14 (3835 turns).

kae the Insei (Draconian Transmuter)                Turns: 3835, Time: 00:05:15

Health: 0/42       AC:  2    Str: 12    XL:     5   Next: 15%
Magic:  6/9        EV: 19    Int: 14    God:    Wu Jian [......]
Gold:   202        SH:  0    Dex: 17    Spells: 3/9 levels left

rFire    . . .     SeeInvis .     - Unarmed
rCold    . . .     Faith    .   (shield currently unavailable)
rNeg     . . .     Spirit   .   (armour unavailable)
rPois    x         Reflect  .   (helmet currently unavailable)
rElec    .         Harm     .   (cloak currently unavailable)
rCorr    .                      (gloves currently unavailable)
MR       .....                  (boots currently unavailable)
Stlth    ++........             (no amulet)
HPRegen  0.14/turn              (no ring)
MPRegen  0.11/turn              (no ring)

@: spider-form (expiring)
A: tiny, unfitting armour, AC +5
a: End Transformation, Renounce Religion


You were on level 4 of the Dungeon.
You worshipped Wu Jian.
Wu Jian was noncommittal.
You were a venomous arachnid creature.
You visited 1 branch of the dungeon, and saw 4 of its levels.

You collected 202 gold pieces.

Inventory:

Wands
 k - a wand of digging (3)
Scrolls
 g - 4 scrolls of remove curse
 h - a scroll of enchant armour
 j - a scroll of amnesia
Potions
 a - 2 potions of flight
 b - a potion of might {unknown}
 c - 5 potions of curing
 d - a potion of ambrosia
 e - a potion of heal wounds {unknown}
 f - 2 potions of magic {unknown}


   Skills:
 + Level 2.5 Fighting
 - Level 1.7 Dodging
 * Level 4.3 Unarmed Combat
 + Level 2.8 Spellcasting
 + Level 3.0 Transmutations


You had 3 spell levels left.
You knew the following spells:

 Your Spells              Type           Power        Failure   Level
a - Beastly Appendage     Tmut           ##....       17%         1
b - Wereblood             Tmut           ##......     24%         2
c - Spider Form           Tmut/Pois      #.........   56%         3

Your spell library contained the following spells:

 Spells                   Type           Power        Failure   Level
 Magic Dart               Conj           #...         43%         1
 Blink                    Tloc           N/A          54%         2
 Call Imp                 Summ           #.......     54%         2
 Slow                     Hex            #.......     54%         2
 Conjure Flame            Conj/Fire      #.......     75%         3
 Mephitic Cloud           Conj/Pois/Air  #.......     75%         3
 Ice Form                 Ice/Tmut       #.......     89%         4
 Blade Hands              Tmut           ##........   96%         5


Dungeon Overview and Level Annotations

Branches:
Dungeon (4/15)
 Temple: D:4-7

Altars:
Cheibriados
Elyvilon
Fedhas
Okawaru
Ru
Sif Muna
Wu Jian
The Shining One

Annotations:
D:3 Grinder


Innate Abilities, Weirdness & Mutations

((Your plain brown scales are hard. (AC +5)))
You cannot fit into any form of body armour.
((You are cold-blooded and may be slowed by cold attacks.))


Message History

The hippogriff looks as sick as possible!
The hippogriff is moderately wounded.
You bite the hippogriff!
The hippogriff looks as sick as possible!
The hippogriff is heavily wounded.
The hippogriff completely misses you. The hippogriff pecks you!
The hippogriff closely misses you.
You hit the hippogriff but do no damage.
The hippogriff looks as sick as possible!
The hippogriff is severely wounded.
Your transformation is almost over.
The hippogriff bites you!
* * * LOW HITPOINT WARNING * * *
The hippogriff closely misses you. The hippogriff misses you.
There is a stone staircase leading up here.
You hit the hippogriff.
The hippogriff looks as sick as possible!
The hippogriff is severely wounded.
The hippogriff closely misses you. x2; The hippogriff claws you!
You die...

....###.##
......$. .......
## #..... # o..
#..#.#.#
.?..###......##.
................
........s#..###.
...###$H.......
#..#..#.#.
.......oo......
...####.$#..#.#.
#.......#
........#
....###.# .#...#
##


You could see a hippogriff (extremely poisoned), an orc wizard and an orc.

Vanquished Creatures
  Terence (D:3)
  Robin (D:3)
  2 adders (D:2)
  2 oozes
  3 worms
  2 dart slugs
  A leopard gecko (D:3)
  3 giant cockroaches
  11 goblins
  14 hobgoblins
  3 jackals
  A quokka (D:3)
  2 ball pythons (D:1)
  11 bats
  3 frilled lizards (D:2)
  7 kobolds
  10 rats
77 creatures vanquished.

Vanquished Creatures (others)
  A ball python (D:3)
1 creature vanquished.

Grand Total: 78 creatures vanquished

Notes
Turn   | Place    | Note
-------+----------+-------------------------------------------
     0 | D:1      | kae the Draconian Transmuter began the quest for the Orb.
     0 | D:1      | Reached XP level 1. HP: 16/16 MP: 3/3
   207 | D:1      | Reached XP level 2. HP: 16/23 MP: 3/5
   834 | D:1      | Reached XP level 3. HP: 29/29 MP: 4/6
  1977 | D:2      | Reached XP level 4. HP: 28/36 MP: 7/7
  2096 | D:2      | You fall into a shaft and drop 1 floor!
  2192 | D:3      | Noticed Robin
  2208 | D:3      | Found a glowing golden altar of the Shining One.
  2208 | D:3      | Found a sacrificial altar of Ru.
  2208 | D:3      | Found a blossoming altar of Fedhas.
  2209 | D:3      | Found an ornate altar of the Wu Jian Council.
  2213 | D:3      | Learned a level 2 spell: Wereblood
  2230 | D:3      | Reached skill level 4 in Unarmed Combat
  2235 | D:3      | Killed Robin
  2629 | D:3      | Found an iron altar of Okawaru.
  2630 | D:3      | Found a snail-covered altar of Cheibriados.
  2631 | D:3      | Found a shimmering blue altar of Sif Muna.
  2635 | D:3      | Became a worshipper of the Wu Jian Council
  2740 | D:3      | Noticed Grinder
  2965 | D:3      | Learned a level 3 spell: Spider Form
  3411 | D:3      | Noticed Terence
  3428 | D:3      | Killed Terence
  3428 | D:3      | Reached XP level 5. HP: 31/42 MP: 6/9
  3514 | D:3      | Found a white marble altar of Elyvilon.
  3825 | D:4      | Noticed a hippogriff
  3835 | D:4      | Slain by a hippogriff

Illustrated notes

Levels and vault maps discovered:
D:1:      psy_arrival_basics, layout_rooms, moated_statue
D:2:      layout_basic, hangedman_feature_mirror, kennysheep_generic_room_5
D:3:      layout_basic, grunt_temple_overflow_open, elyvilon_altar_4,
          wad_floor_pattern_untrapped, uniq_robin, uniq_grinder, uniq_terence
D:4:      layout_basic, grunt_gozag_statues, lemuel_doored_altar, serial_glass,
          glass_columns_b, glass_columns_c, serial_shops,
          nicolae_shop_waterfront

Skill      XL: |  1  2  3  4  5 |
---------------+----------------+-----
Fighting       | 2 |  2.5
Unarmed Combat | 4 |  4.3
Transmutations | 3 |  3.0
Dodging        | |  1.7
Spellcasting   | |  2.8

Action                   |  1- 3 |  4- 6 || total
-------------------------+-------+-------++-------
Melee: Unarmed           |   121 |   104 ||   225
       Tailslap          |    10 |     5 ||    15
       Headbutt          |     5 |     3 ||     8
       Punch             |     1 |     1 ||     2
       Kick              |    13 |    12 ||    25
 Cast: Beastly Appendage |    22 |    11 ||    33
       Spider Form       |       |     2 ||     2
       Wereblood         |       |     1 ||     1
Invok: Lunge             |       |     3 ||     3
  Use: Scroll            |     7 |     6 ||    13
 Stab: Sleeping          |       |     1 ||     1
Armor: Skin              |    55 |    32 ||    87
Dodge: Dodged            |    92 |    72 ||   164

Table legend: (Time is in decaauts)
 A = Elapsed time spent in this place.
 B = Non-inter-level travel time spent in this place.
 C = Inter-level travel time spent in this place.
 D = Time resting spent in this place.
 E = Time spent auto-exploring this place.
 F = Levels seen in this place.
 G = Mean time per level.
                   A        B        C        D        E       F      G
               +--------+--------+--------+--------+--------+-----+--------+
         Total |   3818 |   3627 |    191 |    539 |   2506 |   4 |  954.5 |
       Dungeon |   3818 |   3627 |    191 |    539 |   2506 |   4 |  954.5 |
               +--------+--------+--------+--------+--------+-----+--------+

Top non-repeatable levels by time:
     D:3: 1448 daAuts
     D:2: 1291 daAuts
     D:1: 1067 daAuts
     D:4: 11 daAuts
